AoeStats
← Placebo33

Arena

510524884Analyzed
1v1 RM · 2d ago on Oct 1, 2026· 39m 16s· 2 players
Game mode
Random Map
Map size
Tiny (2 player)
Population
200
Speed
Normal
Resources
Standard
Victory
Conquest
Starting age
Dark Age
Ending age
Imperial Age
RankedLock teamsTeams togetherTeam positionsShared explorationLock speedFull tech treeHidden civsTurbo modeCheats
Victory
Defeat
🇩🇿 Khmer · Algeria
759
+18
🇫🇷 Franks · France
801
-18
deva811
11:00 Feudal Age
11:38 Double-Bit Axe
15:57 Castle Age
14:14 Gold Mining
14:08 Horse Collar
17:10 Bow Saw
20:23 Heavy Plow
22:49 Stone Mining
23:44 Wheelbarrow
26:44 Gold Shaft Mining
26:47 Stone Shaft Mining
26:48 Hand Cart
30:41 Imperial Age
28:37 Husbandry
29:37 Town Watch
31:02 Masonry
31:02 Heavy Scorpion
32:06 Forging
32:02 Scale Barding Armor
31:58 Padded Archer Armor
32:07 Cavalier
35:09 Chemistry
34:40 Architecture
34:14 Town Patrol
35:59 Pikeman
39:13 Elite Skirmisher
Placebo33
10:57 Feudal Age
9:23 Loom
11:39 Double-Bit Axe
17:43 Castle Age
17:00 Stone Mining
17:05 Gold Mining
19:59 Wheelbarrow
26:12 Fervor
29:24 Imperial Age
29:46 Pikeman
30:44 Town Watch
31:16 Hand Cart
30:27 Cavalier
30:55 Elite Throwing Axeman
32:44 Scale Barding Armor
32:50 Forging
34:05 Chain Barding Armor
33:50 Scale Mail Armor
33:58 Town Patrol
34:20 Halberdier
37:42 Plate Barding Armor
Connection lost

Rejoining the realm…

Still unreachable

The connection could not be restored.

Session expired

The server has moved on; the page needs a fresh start.